 Dungeon Crawl Stone Soup version 0.24-a0-189-g5d897e9 (webtiles) character file.

Game seed: 11562821877125255026

167 Fr4nc3scaITA the Ruffian (level 5, -1/36 (42) HPs)
             Began as a Ghoul Gladiator on Mar 17, 2019.
             Slain by a quokka (2 damage)
             ... on level 3 of the Dungeon.
             The game lasted 00:15:32 (3485 turns).

Fr4nc3scaITA the Ruffian (Ghoul Gladiator)          Turns: 3485, Time: 00:15:33

HP:   -1/36 (42)    AC:  4    Str: 17 (18) XL:     5   Next: 48%
MP:   4/4           EV: 12    Int:  8 (9)  God:
Gold: 102           SH:  0    Dex:  9 (10) Spells: 4/4 levels left

rFire    . . .     SeeInvis .     - Unarmed
rCold    + . .     Gourm    .   (no shield)
rNeg     + + +     Faith    .   a - +0 leather armour
rPois    ∞         Spirit   .   b - +0 helmet
rElec    .         Reflect  .   (no cloak)
rCorr    .         Harm     .   (no gloves)
MR       .....                  (no boots)
Stlth    +.........             (no amulet)
HPRegen  0.00/turn              (no ring)
MPRegen  0.09/turn              (no ring)

@: brilliant, rotting
A: rotting body, claws 1, carnivore, cold resistance 1, negative energy
resistance 3, inhibited regeneration, torment resistance, unbreathing
a: no special abilities


You were on level 3 of the Dungeon.
You were not hungry.

You visited 1 branch of the dungeon, and saw 3 of its levels.

You collected 102 gold pieces.

Inventory:

Hand Weapons
 h - a +0 whip
 i - a +0 hunting sling
Missiles
 c - 3 throwing nets (quivered)
Armour
 a - a +0 leather armour (worn)
 b - a +0 helmet (worn)
 m - a +0 robe
Scrolls
 f - 5 scrolls of remove curse {unknown}
 j - a scroll of blinking {unknown}
 k - a scroll of enchant armour {unknown}
 o - a scroll of teleportation {unknown}
 p - 3 scrolls of amnesia {unknown}
 q - a scroll of identify {unknown}
Potions
 d - a potion of heal wounds {unknown}
Comestibles
 n - a ration


   Skills:
 + Level 2.7 Fighting
 + Level 1.8 Throwing
 + Level 1.8 Armour
 + Level 3.3 Dodging
 + Level 0.7 Stealth
 + Level 5.1 Unarmed Combat


You had 4 spell levels left.
You didn't know any spells.
Your spell library was empty.

Dungeon Overview and Level Annotations

Branches:
Dungeon (3/15)

Altars:


Innate Abilities, Weirdness & Mutations

Your body is rotting away.
You thrive on raw meat.
You are immune to poison.
You have sharp fingernails.
You are carnivorous and can eat meat at any time.
Your flesh is cold resistant. (rC+)
You are immune to negative energy. (rN+++)
You do not regenerate when monsters are visible.
You are immune to unholy pain and torment.
You can survive without breathing.


Message History

* * * LOW HITPOINT WARNING * * *
You barely miss the orc.
The orc is lightly wounded.
The orc barely misses you.
You claw the orc!
You kill the orc!
The quokka bites you.
* * * LOW HITPOINT WARNING * * *
It was a potion of curing.
You feel better. The quokka misses you.
You feel better. The quokka bites you.
* * * LOW HITPOINT WARNING * * *
You feel better. The quokka barely misses you.
It was a potion of degeneration.
There was something very wrong with that liquid.
You feel weakened.
You feel dopey.
You feel clumsy. The quokka completely misses you.
It was a potion of brilliance.
You feel clever all of a sudden. The quokka bites you.
You die...

.............r.
...............
........o....
#...........
#...)o......
#...).......
#..†####.###
#$or####..###
####@........
#.######## #.#
#.# #.####
#....###+#.
##..........
#...........
#...####..##


You could see an orc and a quokka.

Vanquished Creatures
  An orc wizard (D:3)
  A worker ant (D:2)
  5 adders
  An ooze (D:1)
  2 worms
  3 dart slugs
  3 orcs (D:3)
  3 giant cockroaches
  6 goblins
  3 hobgoblins
  3 jackals (D:2)
  A quokka (D:2)
  4 bats
  3 frilled lizards
  7 kobolds
  9 rats
55 creatures vanquished.

Notes
Turn   | Place    | Note
-------+----------+-------------------------------------------
     0 | D:1      | Fr4nc3scaITA the Ghoul Gladiator began the quest for the
                  | Orb.
     0 | D:1      | Reached XP level 1. HP: 17/17 MP: 0/0
    30 | D:1      | Reached XP level 2. HP: 23/25 MP: 1/1
   970 | D:1      | Reached XP level 3. HP: 26/30 MP: 2/2
  1557 | D:2      | Reached skill level 4 in Unarmed Combat
  2150 | D:2      | Reached XP level 4. HP: 21/29 MP: 3/3
  2219 | D:2      | Reached skill level 1 in Armour
  3391 | D:3      | Reached XP level 5. HP: 15/15 MP: 4/4
  3464 | D:3      | Reached skill level 5 in Unarmed Combat
  3482 | D:3      | HP: 1/29 [quokka (2)]
  3485 | D:3      | Slain by a quokka

Levels and vault maps discovered:
D:1:      doesnt_arrival_eight_statues, layout_rooms
D:2:      layout_loops_ring, first_ration, serial_forest,
          infiniplex_forest_3_way, infiniplex_forest_clump_double,
          infiniplex_forest_clump_tiny, infiniplex_forest_lined_room_3,
          infiniplex_forest_clump_curved, infiniplex_forest_lined_corner,
          infiniplex_forest_lined_3, infiniplex_forest_clump_curved,
          infiniplex_forest_diagonal, infiniplex_forest_end_3
D:3:      corexii_shack_village, layout_basic,
          chequers_temple_overflow_statue_of_worship

Skill      XL: |  1  2  3  4  5 |
---------------+----------------+-----
Dodging        | 3 |  3.3
Unarmed Combat | 4 5 |  5.1
Armour         | 1 |  1.8
Fighting       | |  2.7
Throwing       | |  1.8
Stealth        | |  0.7

Action                   |  1- 3 |  4- 6 || total
-------------------------+-------+-------++-------
Melee: Unarmed           |   122 |    80 ||   202
       Punch             |     3 |     1 ||     4
  Use: Potion            |       |     5 ||     5
  Eat: Chunk             |     1 |     3 ||     4
       Ration            |     1 |     1 ||     2
Armor: Leather armour    |    43 |    20 ||    63
Dodge: Dodged            |    95 |    46 ||   141

Table legend:
 A = Non-vault XP
 B = Vault XP
 C = Vault XP percentage of total XP
 D = Non-vault monster count
 E = Vault monster count
 F = Vault count percentage of total count
                 A         B        C        D         E       F
            +---------+---------+-------+---------+---------+-------
      Total |     239 |       0 |   0.0 |      55 |       0 |   0.0
            +---------+---------+-------+---------+---------+-------
        D:1 |      42 |       0 |   0.0 |      21 |       0 |   0.0
        D:2 |     120 |       0 |   0.0 |      23 |       0 |   0.0
        D:3 |      77 |       0 |   0.0 |      11 |       0 |   0.0
            +---------+---------+-------+---------+---------+-------
